 Dungeon Crawl Stone Soup version 0.28.0 (webtiles) character file.

Game seed: 8099949199508468436

43 zazu2006 the Magician (level 3, -12/28 HPs)
             Began as a Naga Hedge Wizard on Feb 9, 2022.
             Mangled by an iguana (13 damage)
             ... on level 2 of the Dungeon.
             The game lasted 00:03:22 (2122 turns).

zazu2006 the Magician (Naga Hedge Wizard)           Turns: 2122, Time: 00:03:22

Health: -12/28     AC:  2    Str: 12    XL:     3   Next: 58%
Magic:  5/8        EV:  9    Int: 16    God:
Gold:   61         SH:  0    Dex: 10    Spells: 0/9 levels left

rFire   . . .      SeeInvis +   h - staff of conjuration
rCold   . . .      Faith    .   (no shield)
rNeg    . . .      Spirit   .   b - +0 robe
rPois   +          Reflect  .   c - +0 hat
rElec   .          Harm     .   (no cloak)
rCorr   .          Rampage  .   (no gloves)
Will    .....                   (no barding)
Stlth   ++........              (no amulet)
HPRegen 0.09/turn               (no ring)
MPRegen 0.11/turn               (no ring)

@: short of breath, attractive, on blink cooldown, very slow
A: AC +1, large, see invisible, deformed body, poison resistance, slowness 2,
spit poison 1, naga tail 1
a: Spit Poison


You were on level 2 of the Dungeon.
You visited 1 branch of the dungeon, and saw 2 of its levels.

You collected 61 gold pieces.

Inventory:

Hand Weapons
 a - a +0 dagger
Armour
 b - a +0 robe (worn)
 c - a +0 hat (worn)
 k - a +1 barding
Magical Staves
 h - a staff of conjuration (weapon)
Scrolls
 d - 2 scrolls of teleportation {unknown}
 i - a scroll of enchant armour {unknown}
 j - a scroll of amnesia {unknown}
Potions
 f - a potion of magic


   Skills:
 + Level 0.1 Fighting
 + Level 1.7 Dodging
 + Level 3.2 Stealth
 + Level 3.6 Spellcasting
 + Level 2.0 Conjurations
 + Level 1.0 Summonings
 + Level 1.0 Translocations


You couldn't memorise any spells.
You knew the following spells:

 Your Spells              Type           Power      Damage    Failure   Level
a - Magic Dart            Conj           56%        1d5       8%          1
b - Mephitic Cloud        Conj/Pois/Air  7%         N/A       36%         3
c - Conjure Flame         Conj/Fire      9%         6-21      34%         3
d - Blink                 Tloc           12%        N/A       17%         2

Your spell library contained the following spells:

 Spells                   Type           Power      Damage    Failure   Level
 Slow                     Hex            8%         N/A       17%         1
 Call Imp                 Summ           6%         N/A       17%         2


Dungeon Overview and Level Annotations

Branches:
Dungeon (2/15)

Altars:


Innate Abilities, Weirdness & Mutations

Your serpentine skin is tough. (AC +1)
You have supernaturally acute eyesight. (SInv)
Armour fits poorly on your strangely shaped body.
Your system is resistant to poisons. (rPois)
You cover ground very slowly.
You can spit poison.
You have a snake-like lower body.


Message History

The iguana bites you!
* * * LOW HITPOINT WARNING * * *
Casting: Magic Dart (safe; 8% risk of failure)
Confirm with . or Enter, or press ? or * to list all spells.
Okay, then.
It was a potion of magic.
Magic courses through your body. The iguana misses you.
Casting: Magic Dart (safe; 8% risk of failure)
Confirm with . or Enter, or press ? or * to list all spells.
You blink.
You can't do that yet.
Unknown command.
An iguana is nearby!
Casting: Blink (safe; 17% risk of failure)
Confirm with . or Enter, or press ? or * to list all spells.
Aiming: Magic Dart (safe; 8% risk of failure)
Press: ? - help, Shift-Dir - straight line, f/p - iguana
Aim: an iguana (translocational energy, heavily wounded, 100% to hit)
You feel a surge of power!
The magic dart hits the iguana.
The iguana is severely wounded.
You have got your breath back.
Aiming: Spit Poison (2% risk of failure)
Press: ? - help, Shift-Dir - straight line, f/p - iguana
Aim: an iguana (translocational energy, severely wounded, 65% to hit)
The splash of poison misses the iguana.
It was a potion of attraction.
You feel attractive to monsters. The iguana is attracted toward you.
It was a potion of curing.
You feel better.
You have got your breath back.
The iguana bites you!
* * * LOW HITPOINT WARNING * * *
Aiming: Spit Poison (2% risk of failure)
Press: ? - help, Shift-Dir - straight line, f/p - iguana
Aim: an iguana (severely wounded, 65% to hit)
The splash of poison hits the iguana but does no damage.
The iguana is poisoned.
The iguana is severely wounded.
The iguana bites you!
You die...

#.#.# .. #.#.# ..#
#.#[# .#
...##.#.#####...#
..................
.................
#.#.##..ยง#####...#
.......l.###.#...#
.......@........ .
#.#.##...###.#.. #
#.............
#.#.##.......... #
#.#.##...###.##. #..
#.........# #
###..####.......#
....................
.
###..###............


You could see an iguana (poisoned).

Vanquished Creatures
  2 dart slugs (D:1)
  3 endoplasms (D:1)
  4 goblins
  5 hobgoblins (D:1)
  4 jackals (D:1)
  4 kobolds (D:1)
  2 quokkas (D:1)
  4 ball pythons (D:1)
  3 bats
  2 frilled lizards (D:1)
  3 rats (D:1)
36 creatures vanquished.

Notes
Turn   | Place    | Note
-------+----------+-------------------------------------------
     0 | D:1      | zazu2006 the Naga Hedge Wizard began the quest for the Orb.
     0 | D:1      | Reached XP level 1. HP: 15/15 MP: 4/4
   199 | D:1      | Reached XP level 2. HP: 9/22 MP: 0/6
  1118 | D:1      | Reached XP level 3. HP: 21/28 MP: 4/8
  1122 | D:1      | Learned a level 3 spell: Mephitic Cloud
  1126 | D:1      | Learned a level 3 spell: Conjure Flame
  1129 | D:1      | Learned a level 2 spell: Blink
  2121 | D:2      | HP: 1/28 [iguana (11)]
  2122 | D:2      | Mangled by an iguana

Illustrated notes

Levels and vault maps discovered:
D:1:      co_arrival_random_square_maze, layout_basic
D:2:      layout_basic, uniq_terence

Skill      XL: |  1  2  3 |
---------------+----------+-----
Conjurations   | 2 |  2.0
Fighting       | |  0.1
Dodging        | |  1.7
Stealth        | |  3.2
Spellcasting   | |  3.6
Summonings     | |  1.0
Translocations | |  1.0

Action                   || total
-------------------------++-------
Melee: Dagger            ||     9
       Staff             ||     4
 Cast: Magic Dart        ||    86
       Blink             ||     1
 Abil: Spit Poison       ||    18
  Use: Potion            ||     3
Armor: Robe              ||     4
Dodge: Dodged            ||    18
